 Dungeon Crawl Stone Soup version 0.31-a0-700-gf13585253f (webtiles) character file.

Game seed: 14933274072720301600

2231 qw the Skirmisher (level 9, 0/56 HPs)
             Began as a Gargoyle Hunter on Sept 7, 2023.
             Was a Believer of Okawaru.
             Slain by a wyvern (14 damage)
             ... on level 7 of the Dungeon.
             The game lasted 00:02:07 (5205 turns).

qw the Skirmisher (Gargoyle Hunter)                 Turns: 5205, Time: 00:02:08

Health: 0/56       AC: 16    Str: 15    XL:     9   Next: 36%
Magic:  22/24      EV: 14    Int: 10    God:    Okawaru [**....]
Gold:   102        SH:  0    Dex: 17    Spells: 8/8 levels left

rFire   . . .        o - +0 orcbow
rCold   . . .        (shield currently unavailable)
rNeg    + + .        g - +0 ring mail
rPois   inf          (no helmet)
rElec   +            m - +0 cloak
rCorr   .            (no gloves)
SInv    .            n - +0 pair of boots
Will    +....        a
                       - Hermit's Pendant {Faith Invo=14 Evo=0 MP+5}
Stlth   +++          j - ring of willpower
HPRegen 0.29/turn    l - ring of positive energy
MPRegen 0.19/turn

%: faith
@: heroic
A: sickness immunity, AC +6, negative energy resistance 1, electricity
resistance, torment resistance 1, petrification resistance
a: Renounce Religion, Heroism


You were on level 7 of the Dungeon.
You worshipped Okawaru.
Okawaru was pleased with you.
You visited 2 branches of the dungeon, and saw 8 of its levels.

You collected 322 gold pieces.
You spent 220 gold pieces at shops.


Innate Abilities, Weirdness & Mutations

You are immune to sickness and miasma.
Your stone body is resilient. (AC +6)
You are immune to poison.
You resist negative energy. (rN+)
You are resistant to electric shocks. (rElec)
You are resistant to unholy torment.
You are immune to petrification.


   Skills:
 + Level 6.3(11.3) Fighting
 - Level 10.1(15.1) Ranged Weapons
 - Level 3.2(8.2) Armour
 - Level 2.4(7.4) Dodging
 - Level 1.1(6.1) Stealth
 - Level 4.2(14.0) Invocations


You had 8 spell levels left.
You didn't know any spells.
Your spell library was empty.

Inventory:

Hand Weapons
 o - a +0 orcbow (weapon)
Armour
 g - a +0 ring mail (worn)
 m - a +0 cloak (worn)
 n - a +0 pair of boots (worn)
Jewellery
 a - the Hermit's Pendant (around neck) {Faith Invo=14 Evo=0 MP+5}
   (You found it on level 4 of the Dungeon)

   [amulet of faith]

   Invo=14: It sets your Invocations skill to 14.
   Evo=0: It sets your Evocations skill to 0.
   Faith:     It allows you to gain divine favour quickly.
   MP+5:      It affects your magic capacity (+5).
 j - a ring of willpower (left hand)
 l - a ring of positive energy (right hand)
Scrolls
 h - a scroll of identify
Potions
 b - a potion of haste
 c - a potion of might
 d - a potion of brilliance {unknown}
 e - a potion of mutation {unknown}
 i - a potion of curing
 k - a potion of resistance {unknown}

Dungeon Overview and Level Annotations

Branches:
Dungeon (7/15)             Temple (1/1) D:4

Altars:
Ashenzari
Cheibriados
Dithmenos
Elyvilon
Fedhas
Gozag
Hepliaklqana
Kikubaaqudgha
Makhleb
Nemelex Xobeh
Okawaru
Qazlal
Sif Muna
Trog
Wu Jian
Xom
Zin
The Shining One

Shops:
D:1 *?=   D:6 =

Annotations:
D:4 2 transporters, qw's ghost, amateur MiHs
D:5 2 transporters, qw's ghost, novice MiHs


Message History

Done exploring.
What level of the Dungeon? (default 6, ? - help)
You flicker for a moment.
You see here a steam dragon skeleton.
You flicker back into view.
There is an open door here.
There is a stone staircase leading down here.
You climb downwards.
Found a stone staircase leading down and a stone staircase leading up.
There is a stone staircase leading up here.
Waypoint 7 assigned to D:7.
Found a scale mail.
Found a war axe.
A wyvern comes into view.
Found a potion of curing.
The wyvern hisses angrily.
The wyvern moves out of view.
A wyvern is nearby!
You shoot an arrow. The arrow barely misses the wyvern.
The wyvern bites you!
The wyvern bites you but does no damage.
You shoot an arrow. The arrow hits the wyvern.
The wyvern is lightly wounded.
The wyvern closely misses you.
You shoot an arrow. The arrow closely misses the wyvern.
The wyvern bites you. The wyvern bites you!
5202 ||| INVOKING Heroism.
You gain the combat prowess of a mighty hero.
The wyvern bites you!
You shoot an arrow. The arrow hits the wyvern.
The wyvern is lightly wounded.
The wyvern misses you. The wyvern bites you.
You shoot an arrow.
The arrow hits the wyvern but does no damage.
The wyvern is lightly wounded.
The wyvern closely misses you.
You shoot an arrow. The arrow hits the wyvern!
The wyvern is heavily wounded.
The wyvern bites you! x2
You die...

.... ..... ....
.... #.. #..# #...
#..# ..# #..#
#.##..# ##....#
##.###.# #@####.#
#..l###...# #
...!... #.### ..
.###.#[###.# ..
.........#####.###
#.#.#.###..........
#. .#<###..........
# .........###.###
##.###.<##


You could see a wyvern.

Vanquished Creatures
  A troll (D:6)
  Grinder (D:4)
  2 steam dragons (D:6)
  2 ice beasts (D:6)
  4 ogres
  3 centaurs (D:6)
  A phantom (D:5)
  5 wights (D:6)
  4 hounds
  2 orc priests (D:6)
  5 iguanas
  2 orc wizards
  4 adders
  An ufetubus (D:6)
  2 dart slugs (D:4)
  6 orcs
  9 ball pythons
  2 bats
  3 bat zombies (D:3)
  13 endoplasms
  A giant cockroach (D:2)
  6 hobgoblins
  2 jackals (D:1)
  2 quokkas
  A frilled lizard (D:1)
  17 goblins
  7 kobolds
  4 rats
112 creatures vanquished.

Notes
Turn   | Place    | Note
-------+----------+-------------------------------------------
     0 | D:1      | qw the Gargoyle Hunter began the quest for the Orb.
     0 | D:1      | Reached XP level 1. HP: 12/12 MP: 1/1
     0 | D:1      | 0 ||| qw: Version: 0.3-a-76-g4403597
     0 | D:1      | 0 ||| qw: Game counter: 502
     0 | D:1      | 0 ||| qw: Melee chars always use a shield: true
     0 | D:1      | 0 ||| qw: God list: Okawaru
     0 | D:1      | 0 ||| qw: Allow faded altars: false
     0 | D:1      | 0 ||| qw: Do Orc after clearing Dungeon:15 true
     0 | D:1      | 0 ||| qw: Do second Lair branch before Depths: true
     0 | D:1      | 0 ||| qw: Lair rune preference: random
     0 | D:1      | 0 ||| qw: Goals: Normal
     0 | D:1      | 0 ||| PLANNING D:1-11
   129 | D:1      | Found Dalus's Magic Scroll Boutique.
   138 | D:1      | 138 ||| SHOPLISTING scroll of enchant armour (75 gold, have
                  | 19).
   138 | D:1      | 138 ||| SHOPLISTING scroll of enchant weapon (75 gold, have
                  | 19).
   138 | D:1      | 138 ||| SHOPLISTING scroll of identify (20 gold, have 19).
   138 | D:1      | 138 ||| SHOPLISTING scroll of teleportation (30 gold, have
                  | 19).
   149 | D:1      | Reached XP level 2. HP: 17/17 MP: 2/2
   222 | D:1      | Found Haufih's General Store.
   232 | D:1      | 232 ||| SHOPLISTING potion of curing (42 gold, have 34).
   425 | D:1      | Found Iwased's Jewellery Shop.
   437 | D:1      | 437 ||| SHOPLISTING amulet of reflection (300 gold, have
                  | 37).
   437 | D:1      | 437 ||| SHOPLISTING ring of ice (250 gold, have 37).
   437 | D:1      | 437 ||| SHOPLISTING ring of protection from fire (250 gold,
                  | have 37).
   558 | D:1      | Reached XP level 3. HP: 21/21 MP: 3/3
   584 | D:1      | 584 ||| UPGRADING to +0 ring mail.
   594 | D:1      | 594 ||| DROPPING +0 leather armour.
   595 | D:1      | 595 ||| READING 2 scrolls labelled ESIANTUNEI.
   596 | D:1      | 596 ||| READING scroll labelled IFEECI SOHIOPUBRA.
   597 | D:1      | 597 ||| READING scroll labelled CUKHLE HOCK.
   601 | D:1      | 601 ||| DROPPING scroll of vulnerability.
   602 | D:1      | 602 ||| DROPPING scroll of butterflies.
   682 | D:2      | Reached skill level 1 in Armour
   747 | D:2      | Reached skill level 5 in Ranged Weapons
   850 | D:2      | Reached skill level 3 in Fighting
   850 | D:2      | Reached XP level 4. HP: 28/28 MP: 4/4
  1053 | D:2      | 1053 ||| UPGRADING to ring of willpower.
  1054 | D:2      | 1054 ||| READING scroll labelled SIKHEA OLE MIVI.
  1055 | D:2      | 1055 ||| READING 2 scrolls labelled SENAGOITON.
  1056 | D:2      | 1056 ||| READING scroll of enchant weapon.
  1056 | D:2      | 1056 ||| ENCHANTING +1 shortbow.
  1057 | D:2      | 1057 ||| READING scroll labelled KOYPPA JOUTHRAOCWI.
  1076 | D:2      | 1076 ||| READING scroll labelled BIDOIDDIQE.
  1077 | D:2      | 1077 ||| READING scroll labelled XUDORU JUMME.
  1078 | D:2      | 1078 ||| DRINKING 2 fizzy coppery potions.
  1079 | D:2      | 1079 ||| DRINKING 2 inky potions.
  1080 | D:2      | 1080 ||| DROPPING potion of degeneration.
  1461 | D:3      | Found an ancient bone altar of Kikubaaqudgha.
  1640 | D:3      | You fall into a shaft and drop 3 floors!
  1661 | D:6      | Noticed an ogre
  1667 | D:6      | Killed an ogre
  1668 | D:6      | Reached skill level 6 in Ranged Weapons
  1668 | D:6      | Reached XP level 5. HP: 32/32 MP: 5/5
  1683 | D:6      | Noticed an ogre
  1690 | D:6      | HP: 2/32 [ogre/+0 giant club (16)]
  1691 | D:6      | 1691 ||| READING scroll of teleportation.
  1693 | D:6      | Killed an ogre
  1694 | D:6      | Reached XP level 6. HP: 3/39 MP: 6/6
  1898 | D:6      | Noticed an ice beast
  1912 | D:6      | Killed an ice beast
  2012 | D:6      | 2012 ||| UPGRADING to +0 cloak.
  2017 | D:6      | 2017 ||| UPGRADING to +0 pair of boots.
  2022 | D:6      | 2022 ||| READING 2 scrolls labelled UJIRHY CIANN.
  2023 | D:6      | 2023 ||| READING scroll labelled XIRUESH EL ZIW.
  2024 | D:6      | 2024 ||| READING 2 scrolls of identify.
  2024 | D:6      | 2024 ||| IDENTIFYING clear potion
  2025 | D:6      | 2025 ||| DROPPING scroll of poison.
  2026 | D:6      | 2026 ||| DROPPING potion of attraction.
  2034 | D:5      | Entered Level 5 of the Dungeon
  2041 | D:5      | Reached skill level 7 in Ranged Weapons
  2041 | D:5      | Reached XP level 7. HP: 44/44 MP: 7/7
  2097 | D:5      | Found a transporter.
  2097 | D:5      | Noticed qw's ghost (novice MiHs)
  2110 | D:5      | 2110 ||| FLEEEEING.
  2119 | D:5      | 2119 ||| STAIRDANCE
  2372 | D:4      | Noticed Grinder
  2380 | D:4      | Killed Grinder
  2381 | D:4      | Reached skill level 8 in Ranged Weapons
  2387 | D:4      | Found a transporter.
  2388 | D:4      | Noticed qw's ghost (amateur MiHs)
  2388 | D:4      | Found the Hermit's Pendant {Faith Invo=14 Evo=0 MP+5}
  2389 | D:4      | Identified the +2 great mace of Seodaoll {flame, MP+9
                  | Int+4}
  2396 | D:4      | Found a transporter.
  2406 | D:4      | Found a staircase to the Ecumenical Temple.
  2407 | D:4      | 2407 ||| PLANNING TEMPLE
  2407 | D:4      | 2407 ||| UPGRADING to Hermit's Pendant {Faith Invo=14 Evo=0
                  | MP+5}.
  2416 | Temple   | Entered the Ecumenical Temple
  2417 | Temple   | 2417 ||| PLANNING OKAWARU WORSHIP
  2500 | Temple   | Became a worshipper of Warmaster Okawaru
  2501 | Temple   | 2501 ||| PLANNING D:1-11
  3079 | D:4      | Reached XP level 8. HP: 22/50 MP: 18/18
  3232 | D:5      | 3232 ||| STAIRDANCE
  3468 | D:5      | Found a transporter.
  3494 | D:5      | Reached * piety under Okawaru
  3786 | D:5      | 3786 ||| READING scroll labelled UMIUNE MYES.
  3787 | D:5      | 3787 ||| DRINKING 2 lumpy blue potions.
  3864 | D:6      | 3864 ||| INVOKING Heroism.
  4084 | D:6      | Reached skill level 1 in Invocations
  4087 | D:6      | Found Yniofyonk's Jewellery Shop.
  4107 | D:6      | 4107 ||| SHOPLISTING +6 ring of strength (396 gold, have
                  | 312).
  4107 | D:6      | 4107 ||| SHOPLISTING amulet of Jadur {Spirit Will+ rCorr}
                  | (530 gold, have 312).
  4107 | D:6      | 4107 ||| SHOPLISTING amulet of reflection (330 gold, have
                  | 312).
  4107 | D:6      | 4107 ||| SHOPLISTING amulet of the acrobat (330 gold, have
                  | 312).
  4107 | D:6      | 4107 ||| BUYING ring of positive energy (220 gold).
  4107 | D:6      | Bought a ring of positive energy for 220 gold pieces
  4140 | D:6      | Reached skill level 9 in Ranged Weapons
  4145 | D:6      | Noticed a troll
  4146 | D:6      | 4146 ||| RETREATING.
  4152 | D:6      | 4152 ||| INVOKING Heroism.
  4182 | D:6      | Killed a troll
  4182 | D:6      | HP: 9/51 [centaur/arrow (7)]
  4183 | D:6      | Reached skill level 6 in Fighting
  4183 | D:6      | Reached skill level 3 in Invocations
  4186 | D:6      | Reached ** piety under Okawaru
  4189 | D:6      | Reached XP level 9. HP: 9/56 MP: 19/19
  4403 | D:6      | 4403 ||| INVOKING Heroism.
  4404 | D:6      | 4404 ||| Stepping ~*~*~tactically~*~*~ (outnumbered).
  4405 | D:6      | 4405 ||| Stepping ~*~*~tactically~*~*~ (outnumbered).
  4558 | D:6      | 4558 ||| SWAPPING to +0 orcbow.
  4559 | D:6      | 4559 ||| DROPPING +2 shortbow.
  4590 | D:6      | 4590 ||| INVOKING Heroism.
  4670 | D:6      | 4670 ||| INVOKING Heroism.
  4671 | D:6      | 4671 ||| Stepping ~*~*~tactically~*~*~ (cloud).
  4682 | D:6      | HP: 7/56 [steam dragon/ball of steam (10)]
  4685 | D:6      | Reached skill level 10 in Ranged Weapons
  4685 | D:6      | 4685 ||| Stepping ~*~*~tactically~*~*~ (cloud).
  4686 | D:6      | 4686 ||| STAIRDANCE
  4855 | D:5      | 4855 ||| UPGRADING to ring of positive energy.
  4856 | D:5      | 4856 ||| READING 2 scrolls of identify.
  4856 | D:5      | 4856 ||| IDENTIFYING metallic orange potion
  4868 | D:6      | 4868 ||| INVOKING Heroism.
  4878 | D:6      | Reached skill level 3 in Armour
  5114 | D:6      | 5114 ||| DRINKING 2 smoky white potions.
  5115 | D:6      | 5115 ||| DROPPING potion of invisibility.
  5202 | D:7      | 5202 ||| INVOKING Heroism.
  5205 | D:7      | HP: 14/56 [wyvern (8)]
  5205 | D:7      | Slain by a wyvern

Levels and vault maps discovered:
D:1:      matt_arrival_refuge, layout_basic, serial_shops, shop,
          nicolae_diamond_shop, nicolae_shop_tiny_statue_garden,
          grunt_decor_one_mirror
D:2:      layout_basic, minmay_tetromino_t2
D:3:      layout_loops_ring, lemuel_zombie_altar_kikubaaqudgha
D:4:      layout_loops_ring, temple_doors_e, gammafunk_ghost_smash,
          minmay_ogre_servants, uniq_grinder
D:5:      layout_layer_cave, serial_glass, glass_columns_b, glass_columns_c,
          gammafunk_ghost_stat_death, minmay_misc_feat_more_columns
D:6:      cheibrodos_steamvent, layout_gridville, serial_shops,
          nicolae_shop_window_shopping
D:7:      layout_loops_ring, uniq_menkaure, uniq_pikel
Temple:   nicolae_temple_bog_church

Skill      XL: |  1  2  3  4  5  6  7  8  9 |
---------------+----------------------------+-----
Armour         | 1 2 3 |  3.2
Ranged Weapons | 5 6 7 8 9 10 | 10.1
Fighting       | 3 4 5 6 |  6.3
Dodging        | 2 |  2.4
Invocations    | 4 |  4.2
Stealth        | |  1.1

Action                     |  1- 3 |  4- 6 |  7- 9 || total
---------------------------+-------+-------+-------++-------
   Fire: Shortbow          |   119 |    81 |   221 ||   421
         Orcbow            |       |       |    35 ||    35
 Invoke: Heroism           |       |       |     7 ||     7
    Use: Scroll            |     3 |    10 |     2 ||    15
         Potion            |       |     2 |     2 ||     4
 Armour: Leather armour    |    34 |       |       ||    34
         Ring mail         |     3 |    25 |   111 ||   139
  Dodge: Dodged            |    29 |    19 |   100 ||   148

Table legend:
 A = Non-vault XP
 B = Vault XP
 C = Vault XP percentage of total XP
 D = Non-vault monster count
 E = Vault monster count
 F = Vault count percentage of total count
                 A         B        C        D         E       F
            +---------+---------+-------+---------+---------+-------
      Total |    2415 |     773 |  24.2 |      95 |      17 |  15.2
            +---------+---------+-------+---------+---------+-------
        D:1 |      35 |       0 |   0.0 |      22 |       0 |   0.0
        D:2 |      52 |       3 |   5.5 |      23 |       2 |   8.0
        D:3 |      22 |       6 |  21.4 |       6 |       3 |  33.3
        D:4 |     148 |     402 |  73.1 |      15 |      10 |  40.0
        D:5 |     398 |       0 |   0.0 |       6 |       0 |   0.0
        D:6 |    1760 |     362 |  17.1 |      23 |       2 |   8.0
            +---------+---------+-------+---------+---------+-------
